 Dungeon Crawl Stone Soup version 0.29.1-15-g9cfb28693d (webtiles) character file.

Game seed: 10280278285482516237

6418 jtron the Fighter (level 10, -10/86 (89) HPs)
             Began as a Grey Draconian Wanderer on Feb 27, 2023.
             Was an Initiate of Yredelemnul.
             Mangled by a soul eater (13 damage)
             ... summoned by a kobold demonologist
             ... on level 9 of the Dungeon.
             The game lasted 00:32:03 (8812 turns).

jtron the Fighter (Grey Draconian Wanderer)         Turns: 8812, Time: 00:32:04

HP:   -10/86 (89)   AC: 16    Str: 18    XL:     10   Next: 66%
MP:   13/13         EV: 20    Int: 12    God:    Yredelemnul [......]
Gold: 756           SH:  5    Dex: 18    Spells: 9/9 levels left

rFire   . . .      SeeInvis .   b - +3 war axe
rCold   . . .      Faith    .   (no shield)
rNeg    . . .      Spirit   .   (body armour unavailable)
rPois   .          Reflect  +   (helmet restricted)
rElec   .          Harm     .   c - +1 cloak
rCorr   .          Rampage  .   n - +1 pair of gloves
Will    .....                   (no boots)
Stlth   +++.......              C - amulet of reflection
HPRegen 0.24/turn               i - +6 ring of strength
MPRegen 0.13/turn               m - +4 ring of evasion

@: lightly drained
A: AC +12, amphibious, unfitting armour, cold-blooded
a: Renounce Religion, Recall Undead Harvest


You were on level 9 of the Dungeon.
You worshipped Yredelemnul.
Yredelemnul was noncommittal.
You visited 2 branches of the dungeon, and saw 10 of its levels.

You collected 1002 gold pieces.
You spent 246 gold pieces at shops.

Inventory:

Hand Weapons
 a - a +2 vorpal shortbow
 b - a +3 war axe (weapon)
 t - a +3 mace
Missiles
 e - 16 poisoned darts (quivered)
 s - 39 stones
 v - 6 atropa-tipped darts
 z - 2 throwing nets
Armour
 c - a +1 cloak (worn)
 n - a +1 pair of gloves (worn)
Jewellery
 h - a ring of willpower
 i - a +6 ring of strength (left hand)
 k - a ring of poison resistance
 m - a +4 ring of evasion (right hand)
 q - a ring of flight
 w - a +6 ring of intelligence
 C - an amulet of reflection (around neck)
Wands
 p - a wand of flame (9)
Scrolls
 f - a scroll of magic mapping {unknown}
 g - 4 scrolls of vulnerability
 o - 2 scrolls of amnesia
 u - 2 scrolls of identify
 x - 2 scrolls of teleportation {unknown}
 B - a scroll of silence {unknown}
Potions
 d - a potion of brilliance
 j - 2 potions of mutation
 l - 2 potions of attraction
 E - a potion of ambrosia


   Skills:
 * Level 8.3 Fighting
 + Level 5.8(7.2) Axes
 - Level 6.6(7.6) Maces & Flails
 + Level 6.6 Ranged Weapons
 + Level 0.1 Throwing
 + Level 7.2 Dodging
 + Level 4.0 Stealth
 + Level 2.1 Shields
 + Level 1.4 Unarmed Combat
 + Level 4.0 Invocations
 + Level 1.3 Evocations


You had 9 spell levels left.
You didn't know any spells.
Your spell library contained the following spells:

 Spells                   Type           Power      Damage    Failure   Level
 Apportation              Tloc           0%         N/A       32%         1
 Necrotise                Necr           0%         1d4       32%         1
 Summon Small Mammal      Summ           0%         N/A       32%         1
 Mephitic Cloud           Conj/Pois/Air  0%         N/A       69%         3
 Summon Guardian Golem    Hex/Summ       0%         N/A       69%         3
 Tukima's Dance           Hex            0%         N/A       69%         3
 Passage of Golubria      Tloc           0%         N/A       97%         4
 Alistair's Intoxication  Tmut/Pois      0%         N/A       100%        5
 Manifold Assault         Tloc           0%         N/A       100%        5
 Yara's Violent Unravell  Hex/Tmut       0%         3d3       100%        5
 Orb of Destruction       Conj           0%         9d5       100%        7
 Spellforged Servitor     Conj/Summ      0%         N/A       100%        7


Dungeon Overview and Level Annotations

Branches:
Dungeon (9/15)             Temple (1/1) D:5
   Lair: D:8-11         Orc: D:9-12

Altars:
Ashenzari
Cheibriados
Dithmenos
Elyvilon
Fedhas
Gozag
Hepliaklqana
Kikubaaqudgha
Makhleb
Nemelex Xobeh
Okawaru
Qazlal
Ru
Sif Muna
Trog
Uskayaw
Vehumet
Wu Jian
Xom
Yredelemnul
Zin

Shops:
D:5 ?

Annotations:
D:4 3 runed translucent doors, tarna41's ghost, amateur SpCj


Innate Abilities, Weirdness & Mutations

Your dull iron-grey scales are very hard. (AC +12)
You are amphibious.
You cannot fit into any form of body armour.
You are cold-blooded and may be slowed by cold attacks.


Message History

The quasit closely misses you. The quasit misses you.
You block the quasit's attack.
You hit the soul eater but do no damage.
The soul eater is moderately wounded.
You barely miss the quasit. You hit the chaos spawn.
The quasit completely misses you. The quasit misses you.
The quasit closely misses you. The soul eater closely misses you.
You block the chaos spawn's attack.
Your kobold zombie closely misses the chaos spawn.
The shadow imp barely misses your kobold zombie.
You closely miss the soul eater.
You punch the soul eater, but do no damage.
The soul eater is moderately wounded.
You slash the quasit!
You kill the quasit!
The quasit disappears in a puff of smoke!
You barely miss the chaos spawn. The soul eater completely misses you.
The kobold demonologist casts a spell.
The chaos spawn closely misses you. The shadow imp hits your kobold zombie.
Your kobold zombie hits the chaos spawn.
The soul eater hits you but does no damage.
You completely miss the chaos spawn.
The chaos spawn is almost dead.
You completely miss the soul eater.
The shadow imp disappears in a puff of smoke!
The chaos spawn degenerates into a cloud of primal chaos!
Your kobold zombie barely misses the kobold demonologist.
The soul eater draws from the surrounding life force!
* * * LOW HITPOINT WARNING * * *
The soul eater is healed.
The kobold demonologist hits your kobold zombie with a +0 dagger.
The crimson imp blinks!
The kobold demonologist hits your kobold zombie with a +0 dagger.
Your kobold zombie is destroyed!
Things that are here:
a +0 short sword; a curare-tipped dart The soul eater attacks as you move away!
The soul eater hits you!
You die...
Your body rises from the dead as a mindless zombie.

#. ###..# #######.#
####.##....# #.#
#.......#.## #.#
#.##.#..#.# #.#
#§.....# #.#
#..K.########## #Z.
#.#.## #.....# #..
#.##5#3# #.....#
#.. #....@.#
#.4...# #..
####.### #.Z..^#
#.#
#.#######KZ)..###|#
#.....K5.##.)......
#..#####5########.#
#..# #.<§.........
#.#.. #..####....[.
##... ....# ##..
#.##.#..# ...


You could see a soul eater (summoned), a kobold demonologist and a white imp
(summoned).

Vanquished Creatures
  A deep elf pyromancer (D:6)
  Maggie (D:8)
  3 kobold demonologists (D:9)
  A hornet (D:7)
  A wraith (D:9)
  A wyvern (D:7)
  A vampire mosquito (D:7)
  An ice beast (D:6)
  2 orc warriors
  2 sky beasts
  A black bear (D:6)
  An ogre (D:7)
  2 centaurs
  A phantom (D:6)
  A kobold brigand (D:9)
  2 necrophages
  2 scorpions
  A gnoll sergeant (D:6)
  7 wights
  9 killer bees
  An electric eel (D:8)
  2 howler monkeys (D:8)
  2 hounds
  A jelly (D:6)
  7 orc priests
  3 gnoll boudas
  An iguana (D:5)
  7 orc wizards
  18 gnolls
  7 adders
  A shadow imp (D:7)
  3 white imps
  An ufetubus (D:6)
  3 worms
  A dart slug (D:1)
  20 orcs
  7 endoplasms
  12 giant cockroaches (D:3)
  11 goblins
  6 hobgoblins
  10 jackals
  A quokka (D:4)
  2 ball pythons
  2 bats
  2 frilled lizards
  9 kobolds
  3 rats
184 creatures vanquished.

Vanquished Creatures (collateral kills)
  3 vampire mosquitoes (D:7)
  2 water moccasins
  An ice beast (D:7)
  An ogre (D:5)
  A centaur (D:7)
  3 wights
  4 killer bees (D:8)
  An orc priest (D:7)
  An iguana (D:5)
  2 gnolls (D:7)
  3 orcs
22 creatures vanquished.

Vanquished Creatures (others)
  A vampire mosquito zombie (D:7)
  2 centaur zombies
  5 kobold zombies (D:9)
  7 killer bee zombies
  A howler monkey zombie (D:8)
  A jelly zombie (D:6)
  A spectral white imp (D:8)
  3 gnoll zombies
  12 orc zombies
  3 plants (D:9)
36 creatures vanquished.

Grand Total: 242 creatures vanquished

Notes
Turn   | Place    | Note
-------+----------+-------------------------------------------
     0 | D:1      | jtron the Draconian Wanderer began the quest for the Orb.
     0 | D:1      | jtron set off with the following items: a +0 shortbow, a
                  | scroll of vulnerability, a +0 cloak, a potion of
                  | brilliance.
     0 | D:1      | Reached XP level 1. HP: 16/16 MP: 1/1
   182 | D:1      | Reached XP level 2. HP: 23/23 MP: 2/2
   794 | D:1      | Reached XP level 3. HP: 4/29 MP: 3/3
  1373 | D:2      | Reached skill level 2 in Fighting
  1512 | D:2      | Reached XP level 4. HP: 36/36 MP: 4/4
  1994 | D:3      | Reached XP level 5. HP: 34/42 MP: 5/5
  2192 | D:3      | Found a glowing silver altar of Zin.
  2366 | D:3      | Reached skill level 1 in Maces & Flails
  2483 | D:4      | Noticed a centaur
  2494 | D:4      | Killed a centaur
  2495 | D:4      | Reached skill level 3 in Fighting
  2495 | D:4      | Reached skill level 5 in Ranged Weapons
  2495 | D:4      | Reached XP level 6. HP: 39/51 MP: 6/6
  2498 | D:4      | Paralysed by a goblin for 5 turns
  2644 | D:4      | Identified a scroll of acquirement
  2645 | D:4      | Acquired 546 gold pieces
  3179 | D:4      | Found a runed translucent gate.
  3180 | D:4      | Found a runed translucent gate.
  3180 | D:4      | Found a runed translucent gate.
  3183 | D:4      | Noticed tarna41's ghost (amateur SpCj)
  3291 | D:5      | Entered Level 5 of the Dungeon
  3384 | D:5      | Found a staircase to the Ecumenical Temple.
  3391 | Temple   | Entered the Ecumenical Temple
  3679 | Temple   | Became a worshipper of Yredelemnul the Dark
  3727 | D:5      | Reached skill level 4 in Fighting
  3727 | D:5      | Your scales start taking on a dull iron-grey colour.
  3727 | D:5      | Reached XP level 7. HP: 59/59 MP: 7/7
  3728 | D:5      | Found Anuhuzuh's Magic Scroll Emporium.
  3759 | D:5      | Bought a scroll of identify for 26 gold pieces
  3759 | D:5      | Bought a scroll of enchant armour for 97 gold pieces
  3759 | D:5      | Bought a scroll of enchant armour for 97 gold pieces
  3759 | D:5      | Bought a scroll of identify for 26 gold pieces
  3790 | D:5      | Got the Volume of the Venomous Map
  3828 | D:5      | Reached * piety under Yredelemnul
  3828 | D:5      | Reached skill level 1 in Stealth
  4124 | D:5      | Reached ** piety under Yredelemnul
  4290 | D:6      | Reached skill level 1 in Invocations
  4331 | D:6      | Reached XP level 8. HP: 43/67 MP: 8/8
  4503 | D:6      | Found a bloodstained altar of Trog.
  4523 | D:6      | Reached skill level 5 in Dodging
  4527 | D:6      | Found a white marble altar of Elyvilon.
  4527 | D:6      | Found a blossoming altar of Fedhas.
  4529 | D:6      | Found an ornate altar of the Wu Jian Council.
  4534 | D:6      | Found an iron altar of Okawaru.
  4655 | D:6      | Reached skill level 5 in Fighting
  4909 | D:6      | Noticed a deep elf pyromancer
  4926 | D:6      | Killed a deep elf pyromancer
  4927 | D:6      | Reached skill level 5 in Maces & Flails
  5365 | D:6      | Reached skill level 1 in Evocations
  5728 | D:7      | Reached XP level 9. HP: 75/75 MP: 11/11
  5897 | D:7      | Paralysed by a hornet for 3 turns
  6131 | D:7      | Reached skill level 6 in Fighting
  6131 | D:7      | Reached skill level 1 in Axes
  6572 | D:7      | Reached skill level 7 in Fighting
  6849 | D:7      | Reached *** piety under Yredelemnul
  7075 | D:7      | Found an opulent altar of Gozag.
  7204 | D:8      | Reached XP level 10. HP: 86/86 MP: 13/13
  7224 | D:8      | Noticed Maggie
  7258 | D:8      | Killed Maggie
  7259 | D:8      | Reached skill level 1 in Shields
  8618 | D:9      | Noticed a soul eater
  8663 | D:9      | Noticed a rust devil
  8669 | D:9      | Reached skill level 5 in Axes
  8691 | D:9      | Noticed a rust devil
  8693 | D:9      | Reached skill level 8 in Fighting
  8799 | D:9      | Noticed a soul eater
  8805 | D:9      | HP: 4/89 [soul eater[a kobold demonologist] (10)]
  8812 | D:9      | Mangled by a soul eater

Illustrated notes

Levels and vault maps discovered:
D:1:      matt_arrival_spirals, layout_loops_cross, minmay_statues_item
D:2:      layout_loops_cross, supply_closet_lemuel, grunt_decor_fettered
D:3:      minmay_roachtagon, layout_rooms, zin_treasury
D:4:      layout_loops_ring, ebering_ghost_rock_garden
D:5:      layout_rooms, minmay_temple_entry_mist, serial_shops,
          nicolae_shop_crystal
D:6:      layout_loops_cross, minitemple, guppyfry_early_elven_hall
D:7:      layout_basic, grunt_gozag_breadcrumbs
D:8:      layout_basic, kennysheep_small_spiral, uniq_maggie
D:9:      layout_loops_cross, tso_oasis_becter, corner_web_ring
Temple:   nicolae_temple_two_arcs

Skill      XL: |  1  2  3  4  5  6  7  8  9 10 |
---------------+-------------------------------+-----
Ranged Weapons | 4 5 6 |  6.6
Dodging        | 4 5 6 7 |  7.2
Fighting       | 2 3 4 5 7 8 |  8.3
Maces & Flails | 1 2 4 5 6 |  6.6
Stealth        | 1 3 4 |  4.0
Invocations    | 1 3 4 |  4.0
Evocations     | 1 |  1.3
Axes           | 3 5 |  5.8
Shields        | 2 |  2.1
Throwing       | |  0.1
Unarmed Combat | |  1.4

Action                   |  1- 3 |  4- 6 |  7- 9 | 10-12 || total
-------------------------+-------+-------+-------+-------++-------
Melee: Unarmed           |    38 |       |       |       ||    38
       Tailslap          |     7 |     9 |    51 |    21 ||    88
       Mace              |    19 |    95 |   224 |       ||   338
       Punch             |       |     1 |     6 |     1 ||     8
       War axe           |       |       |    81 |   165 ||   246
 Fire: Shortbow          |    53 |    81 |    14 |       ||   148
Throw: Dart              |       |       |     5 |       ||     5
Invok: Recall Undead Har |       |       |     1 |       ||     1
       Dark Bargain      |       |       |     1 |       ||     1
Evoke: Wand              |       |     2 |    11 |     9 ||    22
  Use: Potion            |     1 |     3 |     4 |     8 ||    16
       Scroll            |     1 |     8 |     7 |     5 ||    21
 Stab: Sleeping          |     1 |       |     6 |     2 ||     9
       Paralysed         |       |     3 |     8 |     2 ||    13
       Invisible         |       |       |     2 |       ||     2
       Distracted        |       |       |     1 |     1 ||     2
Armor: Skin              |    31 |    33 |   118 |    87 ||   269
Dodge: Dodged            |    84 |    94 |   284 |   314 ||   776
Block: Other             |       |       |     4 |    80 ||    84
       Reflection        |       |       |       |     4 ||     4
